 Dungeon Crawl Stone Soup version 0.22.1-2-g9c5b331383 (webtiles) character file.

361 Knicklaso the Digger (level 6, -2/35 HPs)
             Began as a Gargoyle Earth Elementalist on Dec 10, 2018.
             Was a Believer of Nemelex Xobeh.
             Killed by divine providence
             ... invoked by an orc priest
              (19 damage)
             ... on level 4 of the Dungeon.
             The game lasted 00:08:10 (3621 turns).

Knicklaso the Digger (Gargoyle Earth Elementalist)  Turns: 3621, Time: 00:08:10

Health: -2/35      AC:  8    Str: 13    XL:     6   Next: 66%
Magic:  10/10      EV: 12    Int: 18    God:    Nemelex Xobeh [**....]
Gold:   229        SH:  4    Dex: 10    Spells: 9/10 levels left

rFire    . . .     SeeInvis .   e - +0 short sword
rCold    . . .     Gourm    .   j - +0 buckler
rNeg     + . .     Faith    .   c - +0 robe
rPois    ∞         Spirit   .   C - +0 helmet
rElec    +         Reflect  .   (no cloak)
rCorr    .         Harm     +   (no gloves)
MR       .....                  u - +0 pair of boots
Stlth    ++........             h - amulet of harm
HPRegen  0.11/turn              i - +2 ring of strength
MPRegen  0.12/turn              (no ring)

@: no status effects
A: negative energy resistance 1, electricity resistance, unbreathing,
petrification resistance, rot immunity, AC +4
a: Renounce Religion


You were on level 4 of the Dungeon.
You worshipped Nemelex Xobeh.
Nemelex Xobeh was pleased with you.
You were hungry.

You visited 1 branch of the dungeon, and saw 4 of its levels.

You collected 229 gold pieces.

Inventory:

Hand Weapons
 e - a +0 short sword (weapon)
Missiles
 b - 259 stones (quivered)
Armour
 c - a +0 robe (worn)
 f - a +0 pair of boots
 j - a +0 buckler (worn)
 u - a +0 pair of boots (worn)
 C - a +0 helmet (worn)
Jewellery
 h - an amulet of harm (around neck)
 i - a +2 ring of strength (left hand)
Wands
 A - a wand of iceblast (9)
Scrolls
 a - 4 scrolls of identify {unknown}
 g - a scroll of remove curse {unknown}
 k - 4 scrolls of teleportation {unknown}
 l - a scroll of magic mapping {unknown}
 s - a scroll of immolation {unknown}
Potions
 m - 2 potions of ambrosia {unknown}
 o - 2 potions of curing {unknown}
 p - 2 potions of magic {unknown}
 q - a potion of haste {unknown}
 r - a potion of cancellation {unknown}
 t - a potion of might {unknown}
 w - a potion of heal wounds {unknown}
 x - a potion of lignification {unknown}
 B - a potion of flight {unknown}
Miscellaneous
 n - a plain deck of summoning {drawn: 3}
 v - a plain deck of destruction
 y - a plain deck of summoning
 z - an ornate deck of summoning
Comestibles
 d - 7 rations


   Skills:
 + Level 1.8 Fighting
 + Level 1.7 Armour
 - Level 1.6 Dodging
 - Level 2.1 Stealth
 - Level 4.0 Shields
 + Level 2.8 Spellcasting
   Level 0.7 Transmutations
 * Level 5.4 Earth Magic
 + Level 1.6 Invocations


You had 9 spell levels left.
You knew the following spells:

 Your Spells              Type           Power        Failure   Level  Hunger
a - Sandblast             Erth           ###...       1%          1    None

Your spell library contained the following spells:

 Spells                   Type           Power        Failure   Level  Hunger
 Passwall                 Tmut/Erth      ##......     7%          2    ##.....
 Confusing Touch          Hex            #.....       17%         1    None
 Stone Arrow              Conj/Erth      ##....       17%         3    ###....
 Petrify                  Tmut/Erth      ##......     43%         4    ####...
 Confuse                  Hex            #.......     45%         3    ###....
 Gell's Gravitas          Tloc           #.........   45%         3    ###....
 Lee's Rapid Deconstruct  Erth           ###.......   45%         5    ######.
 Metabolic Englaciation   Hex/Ice        #.........   99%         5    ######.
 Yara's Violent Unravell  Hex/Tmut       #.........   99%         5    ######.


Dungeon Overview and Level Annotations

Branches:
Dungeon (4/15)             Temple (0/1) D:4

Altars:
Fedhas
Gozag
Nemelex Xobeh

Annotations:
D:4 3 runed doors, Knicklaso's ghost, novice HuAr


Innate Abilities, Weirdness & Mutations

You are resistant to torment.
Your stone body is resilient. (AC +4)
You are immune to poison.
You resist negative energy. (rN+)
You are resistant to electric shocks. (rElec)
You can survive without breathing.
You are immune to petrification.
You are immune to rotting.


Message History

No target in view!
You see here a ball python corpse.
Found 8 arrows.
A frilled lizard comes into view.
An orc comes into view. It is wielding a club.
An orc priest comes into view. It is wielding a club.
The orc priest shouts!
You hear a shout!
An orc comes into view. It is wielding a club.
The frilled lizard hisses angrily.
An orc priest comes into view. It is wielding a hand axe.
The orc priest mumbles some strange prayers to Beogh against you.
Beogh smites you! You block the frilled lizard's attack.
The orc moves out of view.
The orc shouts!
You are feeling hungry.
The orc priest mumbles some strange prayers to Beogh against you.
Beogh smites you!
Ouch! That really hurt!
You die...
Your body disappears without a glow.

... #....###.# ..
#...## #.# .
#...## ##.#
#...## ##..#
#..## ##...# ..#
##...## .#
##....# ##.....#
## ##@....##
###.. ##......#
#.....###l.....##
..............##
.............##
...o.o.....###
o.......####
#########


You could see an orc priest and a frilled lizard.

Vanquished Creatures
  A scorpion (D:4)
  Jessica (D:3)
  A worker ant (D:3)
  5 adders
  A worm (D:3)
  2 leopard geckos
  12 bats
  3 giant cockroaches
  16 goblins
  3 hobgoblins
  8 kobolds
  2 quokkas (D:3)
  5 ball pythons
  5 frilled lizards
  6 rats
71 creatures vanquished.

Vanquished Creatures (collateral kills)
  Sigmund (D:4)
  A hound (D:4)
  Ijyb (D:4)
  A worker ant (D:4)
  Robin (D:4)
  A worm (D:4)
  A giant cockroach (D:4)
  6 goblins (D:4)
  2 hobgoblins (D:4)
  A quokka (D:4)
  A frilled lizard (D:4)
17 creatures vanquished.

Grand Total: 88 creatures vanquished

Notes
Turn   | Place    | Note
-------+----------+-------------------------------------------
     0 | D:1      | Knicklaso the Gargoyle Earth Elementalist began the quest
                  | for the Orb.
     0 | D:1      | Reached XP level 1. HP: 10/10 MP: 3/3
   589 | D:1      | Reached XP level 2. HP: 16/16 MP: 5/5
   610 | D:1      | Reached skill level 4 in Earth Magic
  1082 | D:2      | Reached skill level 1 in Shields
  1082 | D:2      | Reached XP level 3. HP: 7/20 MP: 1/6
  1312 | D:2      | Found a faded altar of an unknown god.
  1359 | D:2      | Became a worshipper of Nemelex Xobeh the Trickster
  1359 | D:2      | Received a gift from Nemelex Xobeh
  1359 | D:2      | Reached * piety under Nemelex Xobeh
  1637 | D:2      | Reached XP level 4. HP: 20/24 MP: 7/7
  2509 | D:3      | Received a gift from Nemelex Xobeh
  2522 | D:3      | Noticed Jessica
  2532 | D:3      | Killed Jessica
  2532 | D:3      | Reached XP level 5. HP: 20/28 MP: 8/8
  3141 | D:4      | Received a gift from Nemelex Xobeh
  3141 | D:4      | Noticed Sigmund
  3145 | D:4      | Reached ** piety under Nemelex Xobeh
  3146 | D:4      | Killed Sigmund
  3146 | D:4      | Reached skill level 1 in Fighting
  3146 | D:4      | Reached skill level 1 in Armour
  3146 | D:4      | Reached skill level 1 in Invocations
  3146 | D:4      | Reached XP level 6. HP: 27/34 MP: 9/9
  3147 | D:4      | Reached skill level 5 in Earth Magic
  3260 | D:4      | Noticed Ijyb
  3267 | D:4      | Noticed Robin
  3281 | D:4      | Killed Ijyb
  3285 | D:4      | Killed Robin
  3512 | D:4      | Found a runed gate.
  3512 | D:4      | Found a runed gate.
  3512 | D:4      | Found an opulent altar of Gozag.
  3512 | D:4      | Found a runed gate.
  3557 | D:4      | Noticed Knicklaso's ghost (novice HuAr)
  3568 | D:4      | Found a staircase to the Ecumenical Temple.
  3571 | D:4      | Received a gift from Nemelex Xobeh
  3574 | D:4      | Found a blossoming altar of Fedhas.
  3621 | D:4      | Killed from afar by an orc priest

Skill      XL: |  1  2  3  4  5  6 |
---------------+-------------------+-----
Earth Magic    | 4 5 |  5.4
Shields        | 1 2 4 |  4.0
Fighting       | 1 |  1.8
Armour         | 1 |  1.7
Invocations    | 1 |  1.6
Dodging        | |  1.6
Stealth        | |  2.1
Spellcasting   | |  2.8
Transmutations | |  0.7

Action                   |  1- 3 |  4- 6 || total
-------------------------+-------+-------++-------
Melee: Short sword       |   127 |   196 ||   323
 Cast: Sandblast         |    12 |    23 ||    35
Evoke: Deck              |       |     3 ||     3
 Stab: Sleeping          |     2 |     2 ||     4
  Eat: Chunk             |     3 |     6 ||     9
Armor: Robe              |    88 |   109 ||   197
Dodge: Dodged            |   107 |   183 ||   290
Block: Buckler           |    19 |    45 ||    64
